 Dungeon Crawl Stone Soup version 0.21-a0-591-g2314aa1 (webtiles) character file.

66 Amnesiac the Chiller (level 3, -2/19 HPs)
             Began as a Deep Elf Ice Elementalist on Dec 22, 2017.
             Slain by a rat (3 damage)
             ... on level 2 of the Dungeon.
             The game lasted 00:02:15 (1612 turns).

Amnesiac the Chiller (Deep Elf Ice Elementalist)    Turns: 1612, Time: 00:02:15

Health: -2/19      AC:  2    Str:  5    XL:     3   Next: 96%
Magic:  6/10       EV: 13    Int: 20    God:
Gold:   119        SH:  0    Dex: 15    Spells: 8/9 levels left

rFire    . . .     SeeInvis .   (no weapon)
rCold    . . .     Gourm    .   (no shield)
rNeg     . . .     Faith    .   a - +0 robe
rPois    .         Spirit   .   (no helmet)
rElec    .         Reflect  .   (no cloak)
rCorr    .         Harm     .   (no gloves)
MR       .....                  (no boots)
Stlth    ++........             (no amulet)
HPRegen  0.06/turn              (no ring)
MPRegen  0.12/turn              (no ring)

@: no status effects
A: no striking features
a: no special abilities


You were on level 2 of the Dungeon.
You were not hungry.

You visited 1 branch of the dungeon, and saw 2 of its levels.

You collected 119 gold pieces.

Inventory:

Armour
 a - a +0 robe (worn)
Scrolls
 d - a scroll of fear {!r, unknown}
 e - 2 scrolls of remove curse {!r, unknown}
 f - a scroll of random uselessness {!r, unknown}
 g - 2 scrolls of teleportation {!r, unknown}
Potions
 h - a potion of haste {!q, unknown}
 j - a potion of curing {!q, unknown}
 k - a potion of flight {!q, unknown}
Books
 b - a book of Frost

   Spells                             Type                      Level
   a - Freeze                         Ice                          1
   b - Throw Frost                    Conjuration/Ice              2
   c - Ozocubu's Armour               Charms/Ice                   3
   d - Throw Icicle                   Conjuration/Ice              4
   e - Summon Ice Beast               Ice/Summoning                4
Comestibles
 c - 3 rations
 i - 10 chunks of flesh


   Skills:
 - Level 2.4 Dodging
 - Level 2.4 Stealth
 + Level 3.8 Spellcasting
   Level 1.1 Conjurations
 * Level 5.0 Ice Magic


You had 8 spell levels left.
You knew the following spells:

 Your Spells              Type           Power        Failure   Level  Hunger
a - Freeze                Ice            ###.         1%          1    None


Dungeon Overview and Level Annotations

Branches:
Dungeon (2/15)

Altars:
Makhleb


Message History

Some of the chunks of flesh in your inventory have rotted away.
i - 10 chunks of flesh (gained 2)
Found a runed leather armour.
You now have 119 gold pieces (gained 19).
A rat comes into view.
A rat is nearby!
A rat is nearby!
A rat is nearby!
A jackal comes into view.
The jackal barks!
Found an escape hatch in the floor.
Casting: Freeze
Confirm with . or Enter, or press ? or * to list all spells.
You can't see any susceptible monsters within range! (Use Z to cast anyway.) 2 jackals come into view.
Casting: Freeze
Confirm with . or Enter, or press ? or * to list all spells.
You can't see any susceptible monsters within range! (Use Z to cast anyway.)
A frilled lizard comes into view.
The frilled lizard hisses angrily.
You hear a bark!
Casting: Freeze
Confirm with . or Enter, or press ? or * to list all spells.
Aiming: Freeze
Press: ? - help, Shift-Dir - straight line, f - jackal
Aim: a jackal You freeze the jackal.
The jackal is heavily wounded.
The jackal barks!
The jackal misses you.
The jackal bites you but does no damage.
Casting: Freeze
Confirm with . or Enter, or press ? or * to list all spells.
Aiming: Freeze
Press: ? - help, Shift-Dir - straight line, f/p - jackal
Aim: a jackal (moderately wounded)
You freeze the jackal.
The jackal is almost dead.
The jackal misses you. The rat barely misses you. The rat bites you.
Casting: Freeze
Confirm with . or Enter, or press ? or * to list all spells.
Aiming: Freeze
Press: ? - help, Shift-Dir - straight line, f/p - jackal
Aim: a jackal (almost dead)
You freeze the jackal.
You kill the jackal!
The rat bites you. The frilled lizard barely misses you. The rat bites you.
* * * LOW HITPOINT WARNING * * *
Casting: Freeze
Confirm with . or Enter, or press ? or * to list all spells.
Aiming: Freeze
Press: ? - help, Shift-Dir - straight line, f - jackal
Aim: a jackal You freeze the jackal.
The jackal is heavily wounded.
The jackal bites you.
* * * LOW HITPOINT WARNING * * *
The frilled lizard bites you.
* * * LOW HITPOINT WARNING * * *
The jackal bites you.
* * * LOW HITPOINT WARNING * * *
The jackal closely misses you. The rat bites you.
You die...

............##....#
..............##....####
..............##........
..............##.##....#
....>.........##.##....#
............#...........
............#.........).
......hlr...#...........
.......@h...#...........
............#...........
............#...>.......
............#...........
............#...........
#############...........


You could see 2 jackals, a frilled lizard and a rat.

Vanquished Creatures
  An adder (D:2)
  An ooze (D:2)
  3 worms (D:2)
  3 leopard geckos
  A bat (D:1)
  2 giant cockroaches
  3 goblins (D:2)
  3 hobgoblins (D:1)
  A jackal (D:2)
  4 kobolds
  A quokka (D:2)
  13 frilled lizards
  10 rats
46 creatures vanquished.

Notes
Turn   | Place    | Note
-------+----------+-------------------------------------------
     0 | D:1      | Amnesiac the Deep Elf Ice Elementalist began the quest for the Orb.
     0 | D:1      | Reached XP level 1. HP: 10/10 MP: 6/6
   314 | D:1      | Reached skill level 4 in Ice Magic
   314 | D:1      | Reached XP level 2. HP: 15/15 MP: 6/8
   992 | D:2      | Reached XP level 3. HP: 14/19 MP: 5/9
  1175 | D:2      | Found a burning altar of Makhleb.
  1546 | D:2      | Reached skill level 5 in Ice Magic
  1612 | D:2      | Slain by a rat

Vault maps used:
D:1:      nicolae_arrival_somewhat_less_tricky_arrival, minmay_lizard_king
D:2:      lightli_temple_of_fire

Skill      XL: |  1  2  3 |
---------------+----------+-----
Ice Magic      | 4 5 |  5.0
Dodging        | |  2.4
Stealth        | |  2.4
Spellcasting   | |  3.8
Conjurations   | |  1.1

Action                   || total
-------------------------++-------
Melee: Unarmed           ||     4
 Cast: Freeze            ||    66
  Eat: Chunk             ||     2
Armor: Robe              ||     7
Dodge: Dodged            ||    32

Table legend:
 A = Spawn XP
 B = Non-spawn XP
 C = Spawn XP percentage of total XP
 D = Spawn monster count
 E = Non-spawn monster count
 F = Spawn count percentage of total count
 G = Total turns spent on level
                    A         B        C        D         E        F      G
               +---------+---------+-------+---------+---------+-------+---------
         Total |       0 |      95 |   0.0 |       0 |      46 |   0.0 |  1612
               +---------+---------+-------+---------+---------+-------+---------
           D:1 |       0 |      36 |   0.0 |       0 |      25 |   0.0 |   985
           D:2 |       0 |      59 |   0.0 |       0 |      21 |   0.0 |   627
               +---------+---------+-------+---------+---------+-------+---------
